 Dungeon Crawl Stone Soup version 0.24.0-123-gd5b16e6ec5 (webtiles) character file.

Game seed: 2618567944323528490, levelgen mode: deterministic

3439 FishyPogo the Fighter (level 9, -2/81 HPs)
             Began as a Green Draconian Ice Elementalist on Dec 21, 2019.
             Was a Follower of Makhleb.
             Slain by an angel
             ... wielding a +2 whip of holy wrath
             ... created by the Shining One
              (3 damage)
             ... on level 7 of the Dungeon on Dec 22, 2019.
             The game lasted 00:32:54 (8287 turns).

FishyPogo the Fighter (DrIE)                        Turns: 8287, Time: 00:32:54

Health: -2/81      AC: 12    Str: 12    XL:     9   Next: 77%
Magic:  15/15      EV: 15    Int: 15    God:    Makhleb [*.....]
Gold:   136        SH:  0    Dex: 14    Spells: 9/16 levels left

rFire    + . .     SeeInvis .   D - +11 short sword of the Maze {pain, -Tele rElec rF+ MR+}
rCold    . . .     Gourm    .   (no shield)
rNeg     . . .     Faith    +   (armour unavailable)
rPois    +         Spirit   .   (helmet restricted)
rElec    +         Reflect  .   L - +2 cloak {+Inv}
rCorr    .         Harm     .   t - +1 pair of gloves
MR       +....     NoTele   +   (no boots)
Stlth    +.........             o - amulet of faith
HPRegen  0.23/turn              (no ring)
MPRegen  0.14/turn              d - ring of flight

@: short of breath, glowing
A: breathe noxious fumes, unfitting armour, poison resistance, cold-blooded, AC
+7
a: Breathe Noxious Fumes, Renounce Religion, Evoke Invisibility, Evoke Flight


You were on level 7 of the Dungeon.
You worshipped Makhleb.
Makhleb was aware of your devotion.
You were not hungry.

You visited 2 branches of the dungeon, and saw 8 of its levels.

You collected 344 gold pieces.
You spent 208 gold pieces at shops.

Inventory:

Hand Weapons
 p - the +8 spear of Bloodstone {pierce, +Rage Int+3}
   (You found it on level 6 of the Dungeon)

   It inflicts extra damage upon your enemies.
   It affects your intelligence (+3).
   It lets you go berserk.
 D - the +11 short sword of the Maze (weapon) {pain, -Tele rElec rF+ MR+}
   (You bought it in a shop on level 4 of the Dungeon)

   In the hands of one skilled in necromantic magic, it inflicts extra damage on
   living creatures.
   It protects you from fire.
   It insulates you from electricity.
   It affects your resistance to hostile enchantments.
   It prevents most forms of teleportation.
Missiles
 c - 182 stones (quivered)
 e - 13 boomerangs
 h - 7 curare-tipped darts
 q - 39 poisoned darts
 v - 3 boomerangs of dispersal
 w - 5 silver boomerangs
 y - 12 javelins
 F - 2 throwing nets
Armour
 t - a +1 pair of gloves (worn)
 L - a +2 cloak of invisibility (worn)
Jewellery
 d - a ring of flight (right hand)
 o - an amulet of faith (around neck)
 s - a cursed amulet of inaccuracy {unknown}
 A - an uncursed ring of fire
Wands
 n - a wand of digging (2)
 z - a wand of clouds (6)
 E - a wand of flame (21)
 I - a wand of iceblast (21)
Scrolls
 a - 10 scrolls of identify {unknown}
 g - a scroll of teleportation
 i - 2 scrolls of enchant weapon
 k - 2 scrolls of remove curse
 m - 4 scrolls of magic mapping {unknown}
 G - a scroll of noise
 N - a scroll of fog {unknown}
Potions
 f - a potion of haste {unknown}
 j - a potion of invisibility {unknown}
 l - 4 potions of curing {unknown}
 r - a potion of cancellation
 u - 2 potions of might {unknown}
 B - 2 potions of flight {unknown}
 H - a potion of brilliance
 J - a potion of agility
 K - a potion of mutation {unknown}
 M - a potion of ambrosia {unknown}
Comestibles
 b - 16 rations


   Skills:
 + Level 8.0 Fighting
 * Level 6.3 Short Blades
 + Level 6.0 Dodging
 + Level 3.4 Stealth
 - Level 4.0 Spellcasting
 + Level 2.9 Conjurations
 - Level 2.5 Fire Magic
 - Level 5.0 Ice Magic


You had 9 spell levels left.
You knew the following spells:

 Your Spells              Type           Power        Failure   Level  Hunger
a - Flame Tongue          Conj/Fire      ##...        6%          1    None
b - Throw Frost           Conj/Ice       ###...       5%          2    ##.....
k - Ozocubu's Armour      Chrm/Ice       ##......     19%         3    ###....
x - Freeze                Ice            ###.         2%          1    None

Your spell library contained the following spells:

 Spells                   Type           Power        Failure   Level  Hunger
 Throw Flame              Conj/Fire      ##....       9%          2    ##.....
 Conjure Flame            Conj/Fire      ##......     17%         3    ###....
 Confusing Touch          Hex            #.....       19%         1    None
 Inner Flame              Hex/Fire       #.......     32%         3    ###....
 Throw Icicle             Conj/Ice       ###.....     34%         4    ####...
 Confuse                  Hex            #.......     47%         3    ###....
 Gell's Gravitas          Tloc           #.........   47%         3    ###....
 Sticky Flame             Conj/Fire      ##......     50%         4    ####...
 Summon Ice Beast         Ice/Summ       ##......     54%         4    ####...
 Fireball                 Conj/Fire      ##........   85%         5    ######.
 Petrify                  Tmut/Erth      #.......     87%         4    ####...
 Metabolic Englaciation   Hex/Ice        ##........   87%         5    ######.
 Yara's Violent Unravell  Hex/Tmut       #.........   99%         5    ######.


Dungeon Overview and Level Annotations

Branches:
Dungeon (7/15)             Temple (1/1) D:6

Altars:
Cheibriados
Elyvilon
Fedhas
Gozag
Hepliaklqana
Makhleb
Nemelex Xobeh
Okawaru
Qazlal
Ru
Sif Muna
Trog
Uskayaw
Vehumet
Wu Jian
Xom
Yredelemnul
Zin
The Shining One

Shops:
D:4 (   D:5 !

Annotations:
D:3 3 runed translucent doors, fritzmikael's ghost, amateur SpHu


Innate Abilities, Weirdness & Mutations

You can breathe blasts of noxious fumes.
Your lurid green scales are hard. (AC +7)
You cannot fit into any form of body armour.
Your system is resistant to poisons. (rPois)
You are cold-blooded and may be slowed by cold attacks.


Message History

Press: ? - help, Shift-Dir - straight line, f/p - angel
Aim: an angel, wielding a +2 whip of holy wrath and wearing a +0 robe (lightly wounded, durably summoned, haloed)
You exhale a blast of noxious fumes.
The blast of choking fumes hits the angel but does no damage.
The angel is lightly wounded.
You feel somewhat more hungry.
The angel hits you with a +2 whip of holy wrath!
* * * LOW HITPOINT WARNING * * *
The angel hits you but does no damage.
You feel much better.
The angel hits you with a +2 whip of holy wrath!!
* * * LOW HITPOINT WARNING * * *
The angel hits you but does no damage.
The angel hits you with a +2 whip of holy wrath!
* * * LOW HITPOINT WARNING * * *
The angel hits you but does no damage.
Okay, then.
The angel misses you.
The angel hits you with a +2 whip of holy wrath.
You die...

.##.# #AA'...# #.#
.##.# #.###### #.#
....# #.#.## ##.##
##..# #.#..## ###...#
#..## ..#...## ##.....#
##...####
.##....####......#####
........#
.##.....'°°○○○.........
##...#.##
_#.....A####...#######.
##..##.# ##....@##
##..# #. ##.###.#
#.....## ##.# ## ##)#
#.# ##...## #####.# #
##.###.# ##'## #...#.#
...)...# #.# #.....#
##.#####
####.######...### #.#
### #..#.......#.## #.#
#.# ##.#..####.#.#
#.###.# #..#...# #.#.#


You could see an angel.

Vanquished Creatures
  A two-headed ogre (D:7)
  A spriggan (D:7)
  A hungry ghost (D:7)
  2 sky beasts
  Duvessa (D:6)
  An ice beast (D:6)
  3 ogres
  5 centaurs
  3 phantoms
  2 bullfrogs
  Dowan (D:6)
  A scorpion (D:7)
  A wyvern skeleton (D:7)
  A howler monkey (D:6)
  4 wights (D:7)
  A crimson imp (D:5)
  2 orc priests (D:4)
  3 hounds
  A jelly (D:4)
  An iguana (D:7)
  Crazy Yiuf (D:7)
  2 bullfrog skeletons
  Ijyb (D:4)
  4 worker ants
  A hound skeleton (D:6)
  8 adders
  10 gnolls
  2 shadow imps
  4 oozes
  2 worms
  2 dart slugs
  3 leopard geckos
  10 orcs
  2 ball pythons
  8 giant cockroaches
  11 goblins
  7 hobgoblins
  18 jackals
  3 quokkas
  7 bats
  6 frilled lizards
  5 kobolds
  6 rats
159 creatures vanquished.

Vanquished Creatures (others)
  A gnoll (D:5)
1 creature vanquished.

Grand Total: 160 creatures vanquished

Notes
Turn   | Place    | Note
-------+----------+-------------------------------------------
     0 | D:1      | FishyPogo the Draconian Ice Elementalist began the quest
                  | for the Orb.
     0 | D:1      | Reached XP level 1. HP: 14/14 MP: 3/3
   159 | D:1      | Reached XP level 2. HP: 16/20 MP: 0/5
   267 | D:1      | Learned a level 2 spell: Throw Frost
   293 | D:1      | Found a glowing golden altar of the Shining One.
   315 | D:1      | Became a worshipper of the Shining One
   619 | D:1      | Reached skill level 1 in Fighting
   689 | D:1      | Reached XP level 3. HP: 28/28 MP: 4/6
  1082 | D:2      | Learned a level 3 spell: Ozocubu's Armour
  1385 | D:2      | Reached * piety under the Shining One
  1556 | D:2      | Reached skill level 2 in Fighting
  1556 | D:2      | Reached XP level 4. HP: 25/36 MP: 2/7
  2274 | D:3      | Reached XP level 5. HP: 34/42 MP: 3/9
  2663 | D:3      | Found a runed translucent gate.
  2663 | D:3      | Found a runed translucent gate.
  2663 | D:3      | Found a runed translucent gate.
  2663 | D:3      | Noticed fritzmikael's ghost (amateur SpHu)
  2700 | D:3      | Found a faded altar of an unknown god.
  3245 | D:4      | Reached skill level 3 in Fighting
  3320 | D:4      | Found Zyusehec's Antique Weapon Shop.
  3321 | D:4      | Noticed an ogre
  3335 | D:4      | Killed an ogre
  3335 | D:4      | Reached XP level 6. HP: 31/52 MP: 0/10
  3417 | D:4      | Noticed Ijyb
  3434 | D:4      | Killed Ijyb
  3696 | D:5      | Entered Level 5 of the Dungeon
  3711 | D:4      | Reached skill level 4 in Fighting
  4009 | D:4      | Reached ** piety under the Shining One
  4454 | D:4      | Reached skill level 5 in Fighting
  4745 | D:4      | Your scales start taking on a lurid green colour.
  4745 | D:4      | Reached XP level 7. HP: 34/61 MP: 0/11
  4745 | D:4      | Gained mutation: Your system is resistant to poisons.
                  | (rPois) [Green Draconian growth]
  4924 | D:4      | HP: 3/61 [phantom (4)]
  5472 | D:5      | Reached skill level 6 in Fighting
  5548 | D:5      | Found Momacluth's Distillery.
  5613 | D:4      | Bought a translucent short sword for 208 gold pieces
  5613 | D:4      | Identified the +11 short sword of the Maze {pain, -Tele
                  | rElec rF+ MR+} (You bought it in a shop on level 4 of the
                  | Dungeon)
  5661 | D:5      | Was placed under penance by the Shining One
  5664 | D:5      | Reached XP level 8. HP: 46/70 MP: 13/13
  5865 | D:5      | Reached skill level 1 in Short Blades
  5931 | D:5      | Reached skill level 5 in Ice Magic
  6081 | D:6      | Fell from the grace of the Shining One
  6346 | D:6      | Noticed Duvessa
  6347 | D:6      | Noticed Dowan
  6356 | D:6      | Reached skill level 7 in Fighting
  6369 | D:6      | Killed Duvessa
  6369 | D:6      | Reached skill level 5 in Dodging
  6377 | D:6      | Killed Dowan
  6589 | D:6      | Found an iron altar of Okawaru.
  6596 | D:6      | Got a fine spear
  6597 | D:6      | Identified the +8 spear of Bloodstone {pierce, +Rage Int+3}
                  | (You found it on level 6 of the Dungeon)
  6619 | D:6      | Found a staircase to the Ecumenical Temple.
  6628 | Temple   | Entered the Ecumenical Temple
  6737 | Temple   | Became a worshipper of Makhleb the Destroyer
  7363 | D:7      | Learned a level 1 spell: Flame Tongue
  7430 | D:7      | Reached XP level 9. HP: 79/79 MP: 13/15
  7434 | D:7      | Found a sacrificial altar of Ru.
  7435 | D:7      | Found an opulent altar of Gozag.
  7655 | D:7      | Reached skill level 5 in Short Blades
  7736 | D:7      | Found a radiant altar of Vehumet.
  7736 | D:7      | Found a faded altar of an unknown god.
  7737 | D:7      | Noticed an angel
  7737 | D:7      | Noticed an angel
  7748 | D:7      | Reached skill level 1 in Fire Magic
  7974 | D:7      | Noticed a two-headed ogre
  7989 | D:7      | Killed a two-headed ogre
  8015 | D:7      | Found a runed translucent door.
  8016 | D:7      | Noticed Crazy Yiuf
  8024 | D:7      | Killed Crazy Yiuf
  8249 | D:7      | Reached * piety under Makhleb
  8249 | D:7      | Reached skill level 8 in Fighting
  8285 | D:7      | HP: 1/81 [angel/+2 whip of holy wrath[the Shining One]
                  | (16)]
  8287 | D:7      | Slain by an angel

Levels and vault maps discovered:
D:1:      evilmike_arrival_rings, layout_basic, tso_metal_star
D:2:      minmay_alternating_diamond, layout_loops_ring, roderic_lattice_a,
          minmay_misc_feat_ornament, guppyfry_early_lair_pool
D:3:      layout_loops_corners, first_ration, gammafunk_ghost_necromancy,
          chequers_ecumenical_altar_simple_redux
D:4:      layout_gridville, serial_shops, shop, minmay_door_square, uniq_ijyb
D:5:      layout_rooms, serial_shops, shop, patterned_corridor
D:6:      layout_basic, minmay_temple_entry_large_hall, st_stairs_4,
          okawaru_ov_weapons_minmay, uniq_duvessa
D:7:      layout_loops_corners, chequers_temple_overflow_minitemple,
          gammafunk_temple_overflow_statue, the_bakery, uniq_crazy_yiuf_cottage
Temple:   regret_index_temple_sphere_string

Skill      XL: |  1  2  3  4  5  6  7  8  9 |
---------------+----------------------------+-----
Stealth        | 2 3 |  3.4
Dodging        | 2 3 4 5 6 |  6.0
Fighting       | 1 2 3 5 6 7 8 |  8.0
Spellcasting   | 3 4 |  4.0
Ice Magic      | 4 5 |  5.0
Short Blades   | 4 6 |  6.3
Fire Magic     | 2 |  2.5
Conjurations   | 2 |  2.9

Action                   |  1- 3 |  4- 6 |  7- 9 || total
-------------------------+-------+-------+-------++-------
Melee: Club              |    96 |    76 |       ||   172
       Tailslap          |    10 |     7 |    26 ||    43
       Quarterstaff      |       |    40 |    51 ||    91
       Short sword       |       |       |   166 ||   166
Throw: Stone             |     2 |     8 |    20 ||    30
 Cast: Freeze            |    33 |    55 |    39 ||   127
       Throw Frost       |    12 |    41 |     9 ||    62
       Flame Tongue      |       |       |     9 ||     9
 Abil: Breathe Noxious F |       |       |    10 ||    10
  Use: Potion            |       |     2 |     4 ||     6
       Scroll            |       |     5 |     1 ||     6
 Stab: Sleeping          |       |       |     1 ||     1
       Confused          |       |       |     1 ||     1
  Eat: Chunk             |     4 |    12 |    15 ||    31
Armor: Skin              |    33 |    47 |    63 ||   143
Dodge: Dodged            |    93 |   148 |   165 ||   406
